3AA
CASPER GHOSTS @ OTTAWA NATIONALS
08/10/2029
 
TOP OF THE 1ST
Casper Ghosts batting - Pitching for Ottawa Nationals : RHP Travis Nelson
Pitching: RHP Travis Nelson
Batting: LHB Ronald Anderson 0-0: SOLO HOME RUN (Flyball, 9D), Distance : 387 ft
Batting: RHB José Córdova 0-0: Called Strike
0-1: Foul Ball, location: 2F
0-2: Ball
1-2: Strikes out swinging
Batting: RHB Derek Bangert 0-0: Ball
1-0: Ball
2-0: Ball
3-0: Base on Balls
Batting: RHB Jorge Díaz 0-0: Called Strike
0-1: Ball
1-1: Foul Ball, location: 2F
1-2: Ball
2-2: Fielders Choice at 2nd, 6-4 (Groundball, 6)
Batting: RHB Bob Phillips 0-0: Hit by Pitch
Jorge Díaz to second
Batting: RHB Steve Weber 0-0: Called Strike
0-1: Fly out, F8 (Flyball, 8RD)
Top of the 1st over - 1 run, 1 hit, 0 errors, 2 left on base; Casper 1 - Ottawa 0
BOTTOM OF THE 1ST
Ottawa Nationals batting - Pitching for Casper Ghosts : RHP Zafar Zahir
Pitching: RHP Zafar Zahir
Batting: LHB Ken Stroud 0-0: Called Strike
0-1: Swinging Strike
0-2: Ball
1-2: Strikes out swinging
Batting: RHB Tomás Bermúdez 0-0: Ball
1-0: Ground out 6-3 (Groundball, 6M)
Batting: RHB Ron Bernard 0-0: Ball
1-0: Called Strike
1-1: Ball
2-1: Ball
3-1: Base on Balls
Batting: LHB José Gómez 0-0: Ball
Ron Bernard steals 2nd base
1-0: Foul Ball, location: 2F
1-1: Ball
2-1: Called Strike
2-2: Ball
3-2: Base on Balls
Batting: RHB Mike Jennings 0-0: Foul Ball, location: 2F
0-1: Fly out, F7 (Flyball, 7LM)
Bottom of the 1st over - 0 runs, 0 hits, 0 errors, 2 left on base; Casper 1 - Ottawa 0
TOP OF THE 2ND
Casper Ghosts batting - Pitching for Ottawa Nationals : RHP Travis Nelson
Batting: RHB Félix Ramos 0-0: SINGLE (Groundball, 56D)
Batting: RHB Henry Appleby 0-0: Called Strike
0-1: Foul Ball, location: 2F
0-2: Foul Ball, location: 2F
0-2: Ball
1-2: Strikes out swinging
Batting: RHB Juan Hernández 0-0: Called Strike
0-1: Ball
1-1: Ball
2-1: Foul Ball, location: 2F
2-2: Ball
3-2: Foul Ball, location: 2F
3-2: Strikes out looking
Batting: LHB Ronald Anderson 0-0: Called Strike
0-1: Ball
1-1: Ball
2-1: Ball
3-1: Base on Balls
Félix Ramos to second
Batting: RHB José Córdova 0-0: Ball
1-0: Ball
2-0: Ball
3-0: Called Strike
3-1: 3-RUN HOME RUN (Flyball, 78XD) (Inside the Park)
Batting: RHB Derek Bangert 0-0: Ball
1-0: Ball
2-0: Ball
3-0: Called Strike
3-1: Ground out 5-3 (Groundball, 56S)
Top of the 2nd over - 3 runs, 2 hits, 0 errors, 0 left on base; Casper 4 - Ottawa 0
BOTTOM OF THE 2ND
Ottawa Nationals batting - Pitching for Casper Ghosts : RHP Zafar Zahir
Batting: RHB Juan Román 0-0: Called Strike
0-1: Ball
1-1: Ground out 3-1 (Groundball, 34)
Batting: LHB Jesús Mancía 0-0: Ball
1-0: Called Strike
1-1: Ball
2-1: Foul Ball, location: 2F
2-2: Strikes out swinging
Batting: SHB Tristan Shanks 0-0: Ball
1-0: Ground out 3-1 (Groundball, 34)
Bottom of the 2nd over - 0 runs, 0 hits, 0 errors, 0 left on base; Casper 4 - Ottawa 0
TOP OF THE 3RD
Casper Ghosts batting - Pitching for Ottawa Nationals : RHP Travis Nelson
Batting: RHB Jorge Díaz 0-0: Ball
1-0: Foul Ball, location: 2F
1-1: Ground out 6-3 (Groundball, 6M)
Batting: RHB Bob Phillips 0-0: Fly out, F9 (Flyball, 89M)
Batting: RHB Steve Weber 0-0: Called Strike
0-1: Ball
1-1: SINGLE (Line Drive, 56)
Pitching: RHP Errol Lange
Batting: RHB Félix Ramos 0-0: Called Strike
0-1: Foul Ball, location: 2F
0-2: Ball
1-2: Strikes out swinging
Top of the 3rd over - 0 runs, 1 hit, 0 errors, 1 left on base; Casper 4 - Ottawa 0
BOTTOM OF THE 3RD
Ottawa Nationals batting - Pitching for Casper Ghosts : RHP Zafar Zahir
Batting: RHB Miguel González 0-0: Swinging Strike
0-1: Ball
1-1: Ball
2-1: Called Strike
2-2: Foul Ball, location: 2F
2-2: Foul Ball, location: 2F
2-2: Fly out, F7 (Flyball, 78M)
Batting: LHB Ken Stroud 0-0: Ball
1-0: Ball
2-0: Ball
3-0: Called Strike
3-1: Base on Balls
Batting: RHB Tomás Bermúdez 0-0: Called Strike
0-1: Called Strike
0-2: Ball
1-2: Ball
2-2: Ball
3-2: Base on Balls
Ken Stroud to second
Batting: RHB Ron Bernard 0-0: Ball
1-0: Foul Ball, location: 2F
1-1: Ball
2-1: Called Strike
2-2: Strikes out swinging
Batting: LHB José Gómez 0-0: Foul Ball, location: 2F
0-1: Foul Ball, location: 2F
0-2: Fielders Choice at 2nd, U6 (Groundball, 6M)
Bottom of the 3rd over - 0 runs, 0 hits, 0 errors, 2 left on base; Casper 4 - Ottawa 0
TOP OF THE 4TH
Casper Ghosts batting - Pitching for Ottawa Nationals : RHP Errol Lange
Batting: RHB Henry Appleby 0-0: Called Strike
0-1: Ball
1-1: Swinging Strike
1-2: Foul Ball, location: 2F
1-2: Strikes out swinging
Batting: RHB Juan Hernández 0-0: Foul Ball, location: 2F
0-1: Foul Ball, location: 2F
0-2: Ball
1-2: Strikes out swinging
Batting: LHB Ronald Anderson 0-0: Ball
1-0: Fly out, F9 (Flyball, 9)
Top of the 4th over - 0 runs, 0 hits, 0 errors, 0 left on base; Casper 4 - Ottawa 0
BOTTOM OF THE 4TH
Ottawa Nationals batting - Pitching for Casper Ghosts : RHP Zafar Zahir
Batting: RHB Mike Jennings 0-0: Ball
1-0: Ball
2-0: Ball
3-0: Called Strike
3-1: Base on Balls
Batting: RHB Juan Román 0-0: Ball
1-0: SINGLE (Line Drive, 6M)
Mike Jennings to second
Batting: LHB Jesús Mancía 0-0: Ball
1-0: Ball
2-0: Foul Ball, location: 2F
2-1: Foul Ball, location: 2F
2-2: Ball
3-2: Foul Ball, location: 2F
3-2: Base on Balls
Mike Jennings to third
Juan Román to second
Batting: SHB Tristan Shanks 0-0: Called Strike
0-1: SINGLE (Groundball, 5D)
Mike Jennings scores
Juan Román to third
Jesús Mancía to second
Batting: RHB Miguel González 0-0: Called Strike
0-1: Ball
1-1: Grounds into double play, 5-4-3 (Groundball, 5)
Juan Román scores
Jesús Mancía to third
Batting: LHB Ken Stroud 0-0: Foul Ball, location: 2F
0-1: Swinging Strike
0-2: Ball
1-2: Ground out 4-3 (Groundball, 4M)
Bottom of the 4th over - 2 runs, 2 hits, 0 errors, 1 left on base; Casper 4 - Ottawa 2
TOP OF THE 5TH
Casper Ghosts batting - Pitching for Ottawa Nationals : RHP Errol Lange
Batting: RHB José Córdova 0-0: Ball
1-0: Fly out, F8 (Flyball, 8RS)
Batting: RHB Derek Bangert 0-0: Called Strike
0-1: Ball
1-1: Ball
2-1: Ball
3-1: Base on Balls
Batting: RHB Jorge Díaz 0-0: Ball
1-0: Fly out, F8 (Flyball, 8RXD)
Batting: RHB Bob Phillips 0-0: Foul Ball, location: 2F
0-1: Foul Ball, location: 2F
0-2: Strikes out swinging
Top of the 5th over - 0 runs, 0 hits, 0 errors, 1 left on base; Casper 4 - Ottawa 2
BOTTOM OF THE 5TH
Ottawa Nationals batting - Pitching for Casper Ghosts : RHP Zafar Zahir
Batting: RHB Tomás Bermúdez 0-0: Foul Ball, location: 2F
0-1: SOLO HOME RUN (Flyball, 7LD), Distance : 370 ft
Batting: RHB Ron Bernard 0-0: Foul Ball, location: 2F
0-1: Ball
1-1: Ball
2-1: Called Strike
2-2: SINGLE (Flyball, 8LS)
Batting: LHB José Gómez 0-0: Called Strike
0-1: Called Strike
0-2: Strikes out looking
Batting: RHB Mike Jennings 0-0: Ball
1-0: Ball
2-0: Foul Ball, location: 2F
2-1: Foul Ball, location: 2F
2-2: Foul Ball, location: 2F
2-2: Foul Ball, location: 2F
2-2: Foul Ball, location: 2F
2-2: Fly out, F3 (Line Drive, 3)
Pitching: LHP Ray Neely
Batting: RHB Juan Román 0-0: Ball
1-0: Called Strike
1-1: Ball
2-1: Swinging Strike
2-2: Strikes out swinging
Bottom of the 5th over - 1 run, 2 hits, 0 errors, 1 left on base; Casper 4 - Ottawa 3
TOP OF THE 6TH
Casper Ghosts batting - Pitching for Ottawa Nationals : RHP Errol Lange
Batting: RHB Steve Weber 0-0: Foul Ball, location: 2F
0-1: Called Strike
0-2: Strikes out swinging
Batting: RHB Félix Ramos 0-0: Ball
1-0: SINGLE (Line Drive, 56D)
Batting: RHB Henry Appleby 0-0: Ball
1-0: Ball
2-0: Called Strike
2-1: Foul Ball, location: 2F
2-2: Strikes out looking
Batting: RHB Juan Hernández 0-0: Called Strike
0-1: Called Strike
0-2: Ball
1-2: Strikes out looking
Top of the 6th over - 0 runs, 1 hit, 0 errors, 1 left on base; Casper 4 - Ottawa 3
BOTTOM OF THE 6TH
Ottawa Nationals batting - Pitching for Casper Ghosts : LHP Ray Neely
Batting: LHB Jesús Mancía 0-0: Called Strike
0-1: Bunted foul
0-2: Strikes out looking
Batting: SHB Tristan Shanks 0-0: SINGLE (Line Drive, 8RS)
Batting: RHB Miguel González 0-0: Called Strike
0-1: Ball
1-1: Ball
2-1: Ball
3-1: Fly out, F1 (Line Drive, 15)
Batting: LHB Ken Stroud 0-0: Ball
1-0: Fly out, F8 (Flyball, 8RD)
Bottom of the 6th over - 0 runs, 1 hit, 0 errors, 1 left on base; Casper 4 - Ottawa 3
TOP OF THE 7TH
Casper Ghosts batting - Pitching for Ottawa Nationals : RHP Errol Lange
Batting: LHB Ronald Anderson 0-0: Foul Ball, location: 2F
0-1: Foul Ball, location: 2F
0-2: Fly out, F4 (Popup, 4D)
Batting: RHB José Córdova 0-0: Called Strike
0-1: Ball
1-1: Swinging Strike
1-2: Strikes out swinging
Batting: RHB Derek Bangert 0-0: Ball
1-0: Called Strike
1-1: Called Strike
1-2: Strikes out swinging
Top of the 7th over - 0 runs, 0 hits, 0 errors, 0 left on base; Casper 4 - Ottawa 3
BOTTOM OF THE 7TH
Ottawa Nationals batting - Pitching for Casper Ghosts : LHP Ray Neely
Batting: RHB Tomás Bermúdez 0-0: Ball
1-0: Hit by Pitch
Batting: RHB Ron Bernard 0-0: Ball
Throwing error on steal attempt, E2
Tomás Bermúdez to third
1-0: Called Strike
1-1: Ball
2-1: Ball
3-1: Swinging Strike
3-2: Base on Balls
Batting: LHB José Gómez 0-0: Called Strike
0-1: Ball
1-1: Ball
2-1: Called Strike
2-2: Ball
3-2: Base on Balls
Ron Bernard to second
Batting: RHB Mike Jennings 0-0: Called Strike
0-1: Ball
1-1: Called Strike
1-2: Fly out, F8 (Line Drive, 78D)
Runner from 3rd tags up, SCORES, no throw
Batting: RHB Juan Román 0-0: Swinging Strike
0-1: Ball
1-1: Ball
2-1: Ball
3-1: Called Strike
3-2: Foul Ball, location: 2F
3-2: Strikes out looking
Pinch Hitting: RHB Duane Wills 0-0: Ball
1-0: Ball
2-0: Foul Ball, location: 2F
2-1: Foul Ball, location: 2F
2-2: Fly out, F9 (Flyball, 89S)
Bottom of the 7th over - 1 run, 0 hits, 1 error, 2 left on base; Casper 4 - Ottawa 4
TOP OF THE 8TH
Casper Ghosts batting - Pitching for Ottawa Nationals : RHP Errol Lange
Now at 1B: Duane Wills
Batting: RHB Jorge Díaz 0-0: Ball
1-0: Ball
2-0: Ball
3-0: Base on Balls
Batting: RHB Bob Phillips 0-0: Called Strike
0-1: Called Strike
0-2: Ball
1-2: Ball
2-2: Ball
3-2: Fielders Choice at 2nd, 5-4 (Groundball, 5)
Pitching: RHP Jesús Garces
Batting: RHB Steve Weber 0-0: Ball
1-0: Foul Ball, location: 2F
1-1: Ball
2-1: Ball
Bob Phillips steals 2nd base
3-1: Swinging Strike
3-2: Strikes out swinging
Batting: RHB Félix Ramos 0-0: Foul Ball, location: 2F
0-1: Foul Ball, location: 2F
0-2: Ball
1-2: Ball
2-2: Foul Ball, location: 2F
2-2: Strikes out swinging
Top of the 8th over - 0 runs, 0 hits, 0 errors, 1 left on base; Casper 4 - Ottawa 4
BOTTOM OF THE 8TH
Ottawa Nationals batting - Pitching for Casper Ghosts : LHP Ray Neely
Batting: SHB Tristan Shanks 0-0: Foul Ball, location: 2F
0-1: Foul Ball, location: 2F
0-2: Fly out, F7 (Flyball, 7)
Batting: RHB Miguel González 0-0: Called Strike
0-1: Ball
1-1: Called Strike
1-2: Foul Ball, location: 2F
1-2: Ball
2-2: Ground out 5-3 (Groundball, 5S)
Batting: LHB Ken Stroud 0-0: Foul Ball, location: 2F
0-1: Ball
1-1: Ball
2-1: Ball
3-1: Foul Ball, location: 2F
3-2: Foul Ball, location: 2F
3-2: Strikes out swinging
Bottom of the 8th over - 0 runs, 0 hits, 0 errors, 0 left on base; Casper 4 - Ottawa 4
TOP OF THE 9TH
Casper Ghosts batting - Pitching for Ottawa Nationals : RHP Jesús Garces
Pinch Hitting: RHB Armando Pacheco 0-0: Swinging Strike
0-1: Foul Ball, location: 2F
0-2: Ball
1-2: Ball
2-2: Strikes out swinging
Pinch Hitting: LHB Jorge Morín 0-0: Called Strike
0-1: Ball
1-1: Ball
2-1: Fly out, F7 (Flyball, 7LMF)
Batting: LHB Ronald Anderson 0-0: Ball
1-0: Ball
2-0: Called Strike
2-1: Called Strike
2-2: Ball
3-2: Foul Ball, location: 2F
3-2: Base on Balls
Batting: RHB José Córdova 0-0: Swinging Strike
0-1: Ball
1-1: Ball
2-1: Ground out 4-3 (Groundball, 4)
Top of the 9th over - 0 runs, 0 hits, 0 errors, 1 left on base; Casper 4 - Ottawa 4
BOTTOM OF THE 9TH
Ottawa Nationals batting - Pitching for Casper Ghosts : LHP Ray Neely
Pitching: RHP Ignacio Ayala
Now at C: Jorge Morín
Now at 3B: Roberto De La Cruz
Batting: RHB Tomás Bermúdez 0-0: Ball
1-0: Ball
2-0: Foul Ball, location: 2F
2-1: SINGLE (Groundball, 56S) (infield hit)
Batting: RHB Ron Bernard 0-0: Ball
1-0: Called Strike
1-1: Foul Ball, location: 2F
1-2: Foul Ball, location: 2F
1-2: Strikes out swinging
Tomás Bermúdez steals 2nd base
Batter strikes out.
Batting: LHB José Gómez 0-0: Intentional Walk
Batting: RHB Mike Jennings 0-0: Ball
1-0: Swinging Strike
1-1: Called Strike
Throwing error on steal attempt, E2
Tomás Bermúdez scores
Tuesday, December 19th, 2017 - OOTP Baseball 18.8 Build 76